 Dungeon Crawl Stone Soup version 0.28.0-43-g3370ac3207 (webtiles) character file.

Game seed: 11535843817826405531

5690 Cykl0x the Geomancer (level 10, -4/56 HPs)
             Began as a Gargoyle Earth Elementalist on Mar 7, 2022.
             Was a Follower of Vehumet.
             Slain by a seven-headed hydra (6 damage)
             ... on level 9 of the Dungeon.
             The game lasted 00:16:30 (11831 turns).

Cykl0x the Geomancer (Gargoyle Earth Elementalist) Turns: 11831, Time: 00:16:30

Health: -4/56      AC: 16    Str: 14    XL:     10   Next: 76%
Magic:  9/21       EV: 10    Int: 18    God:    Vehumet [*.....]
Gold:   393        SH:  0    Dex: 12    Spells: 18/23 levels left

rFire   + . .      SeeInvis +   y - +3 dagger (drain)
rCold   . . .      Faith    .   (no shield)
rNeg    + . .      Spirit   .   r - +0 scale mail
rPois   ∞          Reflect  .   (no helmet)
rElec   +          Harm     .   (no cloak)
rCorr   +          Rampage  .   (no gloves)
Will    .....                   m - +0 pair of boots
Stlth   +.........              (no amulet)
HPRegen 0.18/turn               g - ring of resist corrosion
MPRegen 0.17/turn               o - ring of protection from fire

@: no status effects
A: sickness immunity, AC +7, negative energy resistance 1, electricity
resistance, torment resistance 1, petrification resistance, see invisible, agile
1, shaggy fur 1
a: Renounce Religion


You were on level 9 of the Dungeon.
You worshipped Vehumet.
Vehumet was aware of your devotion.
You visited 2 branches of the dungeon, and saw 10 of its levels.

You collected 393 gold pieces.

Inventory:

Hand Weapons
 a - a +0 long sword
 d - a +4 dagger
 f - a +0 scimitar of freezing
 y - a +3 dagger of draining (weapon)
Missiles
 c - 250 stones
 z - 2 throwing nets
Armour
 b - a +0 robe
 h - a +1 ring mail
 m - a +0 pair of boots (worn)
 q - a +0 leather armour
 r - a +0 scale mail (worn)
Jewellery
 g - a ring of resist corrosion (left hand)
 o - a ring of protection from fire (right hand)
 C - a ring of protection from cold
Wands
 l - a wand of flame (62)
 t - a wand of charming (13)
Scrolls
 k - a scroll of blinking
 n - 3 scrolls of identify
 s - 5 scrolls of magic mapping
 v - 2 scrolls of amnesia
 x - a scroll of fog
 A - 2 scrolls of teleportation
Potions
 e - 2 potions of magic
 i - a potion of curing
 j - 2 potions of berserk rage
 p - a potion of brilliance
 u - a potion of might {unknown}
 w - 2 potions of mutation
 B - a potion of lignification {unknown}


   Skills:
 + Level 3.7 Fighting
 + Level 4.3 Long Blades
 + Level 5.1 Armour
 * Level 3.0 Dodging
 - Level 2.1 Stealth
 + Level 7.4 Spellcasting
 * Level 8.3 Conjurations
 - Level 0.7 Transmutations
 + Level 9.7 Earth Magic
 + Level 0.1 Evocations


You had 18 spell levels left.
You knew the following spells:

 Your Spells              Type           Power      Damage    Failure   Level
a - Sandblast             Erth           82%        2d17      1%          1
b - Stone Arrow           Conj/Erth      78%        3d11      2%          3
c - Magic Dart            Conj           100%       1d8       1%          1

Your spell library contained the following spells:

 Spells                   Type           Power      Damage    Failure   Level
 Passwall                 Tmut/Erth      20%        N/A       7%          2
 Sting                    Tmut/Pois      28%        1d4       34%         1
 Animate Skeleton         Necr           12%        N/A       36%         1
 Pain                     Necr           24%        1d5       36%         1
 Petrify                  Tmut/Erth      25%        N/A       41%         4
 Poisonous Vapours        Pois/Air       12%        N/A       52%         2
 Scorch                   Fire           12%        2d6       52%         2
 Flame Wave               Conj/Fire      21%        2d7       56%         4
 Iskenderun's Mystic Bla  Conj/Tloc      21%        2d6       56%         4
 Lesser Beckoning         Tloc           6%         N/A       75%         3
 Portal Projectile        Hex/Tloc       12%        N/A       75%         3
 Vampiric Draining        Necr           6%         2d6       75%         3
 Olgreb's Toxic Radiance  Pois           6%         N/A       98%         4
 Summon Cactus Giant      Summ           3%         N/A       100%        6
 Malign Gateway           Summ/Tloc      3%         N/A       100%        7


Dungeon Overview and Level Annotations

Branches:
Dungeon (9/15)             Temple (1/1) D:5            Lair (0/6) D:9
    Orc: D:9-12

Altars:
Ashenzari
Cheibriados
Dithmenos
Elyvilon
Fedhas
Gozag
Hepliaklqana
Kikubaaqudgha
Makhleb
Okawaru
Qazlal
Ru
Trog
Uskayaw
Vehumet
Wu Jian
Xom
Yredelemnul
Zin

Shops:
D:4 (   D:5 *

Annotations:
D:5 2 transporters, fly's ghost, weakling FoDe
D:8 2 transporters, Tinylith's ghost, novice MfBe


Innate Abilities, Weirdness & Mutations

You are immune to sickness and miasma.
Your stone body is resilient. (AC +7)
You are immune to poison.
You resist negative energy. (rN+)
You are resistant to electric shocks. (rElec)
You are resistant to unholy torment.
You are immune to petrification.
You have supernaturally acute eyesight. (SInv)
You are agile. (Dex +2)
You are covered in fur. (AC +1)


Message History

The seven-headed hydra bites you but does no damage. x2
The seven-headed hydra bites you.
The stone arrow hits the seven-headed hydra!
The seven-headed hydra is moderately wounded.
The seven-headed hydra bites you. x3
The seven-headed hydra bites you but does no damage.
The seven-headed hydra bites you. The seven-headed hydra bites you!
The seven-headed hydra bites you.
You are too injured to fight recklessly!
You are too injured to fight recklessly!
You are too injured to fight recklessly!
Unknown command.
Casting: Stone Arrow (dangerous; 2% risk of failure)
Confirm with . or Enter, or press ? or * to list all spells.
Aiming: Stone Arrow (dangerous; 2% risk of failure)
Press: ? - help, Shift-Dir - straight line, f/p - seven-headed hydra
Aim: a seven-headed hydra (moderately wounded, 91% to hit)
The stone arrow hits the seven-headed hydra!!
The seven-headed hydra is severely wounded.
The seven-headed hydra closely misses you.
The seven-headed hydra bites you. The seven-headed hydra bites you!
* * * LOW HITPOINT WARNING * * *
The seven-headed hydra bites you.
* * * LOW HITPOINT WARNING * * *
The seven-headed hydra bites you but does no damage.
The seven-headed hydra barely misses you.
The seven-headed hydra bites you.
* * * LOW HITPOINT WARNING * * *
Your +0 scimitar of freezing stops glowing.
You sense an unholy aura.
y - a +3 dagger of draining (weapon)
The seven-headed hydra bites you.
* * * LOW HITPOINT WARNING * * *
The seven-headed hydra closely misses you.
The seven-headed hydra completely misses you.
The seven-headed hydra bites you but does no damage. x2
The seven-headed hydra bites you.
* * * LOW HITPOINT WARNING * * *
The seven-headed hydra bites you.
You die...

## .. #. ## #. .. .. #. ...
#. ##'# #D###### ##...##
#.@....# ##.....## ######.#
##.......## ##.###.#
##.........####...##.#######
.+.........'................
##.........##........#######
#.......###.##.#####
##.....## #.#### ##...## #.#


You could see a seven-headed hydra.

Vanquished Creatures
  A death yak (D:8)
  A cyclops (D:7)
  A troll (D:8)
  4 yaks (D:9)
  A wyvern (D:9)
  Sigmund (D:5)
  A water moccasin (D:5)
  Duvessa (D:6)
  A hornet zombie (D:6)
  4 orc warriors
  A black bear (D:4)
  An ogre (D:4)
  A phantom (D:5)
  3 centaurs
  5 bullfrogs
  A water moccasin zombie (D:5)
  A water moccasin skeleton (D:5)
  A wyvern skeleton (D:5)
  Dowan (D:6)
  8 wights
  2 howler monkeys (D:5)
  3 electric eels (D:6)
  3 centaur zombies
  A jelly (D:5)
  A hound (D:7)
  A gnoll shaman (D:8)
  4 orc priests
  2 bullfrog skeletons
  A centaur skeleton (D:5)
  4 iguanas
  14 orc wizards
  A killer bee zombie (D:7)
  A howler monkey zombie (D:6)
  8 adders
  6 gnolls
  2 white imps
  2 ufetubi
  5 dart slugs
  26 orcs
  6 endoplasms
  3 giant cockroaches
  5 goblins
  7 hobgoblins
  4 quokkas
  5 ball pythons
  5 bats
  A frilled lizard (D:2)
  12 kobolds
  6 rats
  A spectral kobold (D:6)
181 creatures vanquished.

Vanquished Creatures (others)
  8 plants
8 creatures vanquished.

Grand Total: 189 creatures vanquished

Notes
Turn   | Place    | Note
-------+----------+-------------------------------------------
     0 | D:1      | Cykl0x the Gargoyle Earth Elementalist began the quest for
                  | the Orb.
     0 | D:1      | Reached XP level 1. HP: 10/10 MP: 3/3
   206 | D:1      | Reached skill level 4 in Earth Magic
   206 | D:1      | Reached XP level 2. HP: 15/15 MP: 3/5
   785 | D:1      | Reached XP level 3. HP: 19/19 MP: 4/6
   789 | D:1      | Learned a level 3 spell: Stone Arrow
   834 | D:1      | Reached skill level 1 in Conjurations
  1323 | D:2      | Found a blossoming altar of Fedhas.
  1589 | D:2      | Reached XP level 4. HP: 24/24 MP: 4/8
  2117 | D:3      | Found a faded altar of an unknown god.
  2132 | D:3      | Reached skill level 1 in Fighting
  2328 | D:3      | Reached XP level 5. HP: 29/29 MP: 2/9
  2620 | D:3      | You fall into a shaft and drop 1 floor!
  2781 | D:4      | Reached skill level 1 in Long Blades
  2827 | D:4      | Noticed an ogre
  2833 | D:4      | Killed an ogre
  2834 | D:4      | Reached skill level 5 in Earth Magic
  2834 | D:4      | Reached XP level 6. HP: 28/34 MP: 1/10
  3165 | D:4      | Noticed a black bear
  3167 | D:4      | Killed a black bear
  3372 | D:4      | Found Eholl's Weapon Emporium.
  3729 | D:4      | Reached XP level 7. HP: 38/38 MP: 2/12
  3841 | D:5      | Entered Level 5 of the Dungeon
  4124 | D:3      | Reached skill level 6 in Earth Magic
  4832 | D:5      | Found a transporter.
  4838 | D:5      | Noticed fly's ghost (weakling FoDe)
  4849 | D:5      | Identified the +2 buckler of Sufim {Regen+ Int-5 Dex+6
                  | Stlth+}
  4891 | D:5      | Found a transporter.
  4988 | D:5      | Noticed Sigmund
  4992 | D:5      | Killed Sigmund
  4993 | D:5      | Reached skill level 1 in Armour
  4993 | D:5      | Reached XP level 8. HP: 44/44 MP: 7/14
  5077 | D:5      | Found a burning altar of Makhleb.
  5088 | D:5      | Reached skill level 5 in Conjurations
  5493 | D:5      | Reached skill level 7 in Earth Magic
  5539 | D:5      | Found a staircase to the Ecumenical Temple.
  5545 | Temple   | Entered the Ecumenical Temple
  5826 | Temple   | Became a worshipper of Vehumet
  5888 | D:5      | Found Gozag's Platinum Reserve.
  5976 | D:5      | Found an opulent altar of Gozag.
  6648 | D:6      | Got the Tome of the Voyage
  6727 | D:6      | Found a transporter.
  6766 | D:6      | Found a hazy altar of Hepliaklqana.
  6872 | D:6      | Reached skill level 5 in Spellcasting
  7155 | D:6      | Noticed Dowan
  7158 | D:6      | Noticed Duvessa
  7170 | D:6      | Killed Dowan
  7180 | D:6      | Gained mutation: You have supernaturally acute eyesight.
                  | (SInv) [potion of mutation]
  7180 | D:6      | Gained mutation: You are agile. (Dex +2) [potion of
                  | mutation]
  7180 | D:6      | Gained mutation: You are covered in fur. (AC +1) [potion of
                  | mutation]
  7194 | D:6      | Killed Duvessa
  7594 | D:6      | Found a transporter.
  7629 | D:6      | Reached XP level 9. HP: 37/48 MP: 1/16
  8071 | D:7      | Reached skill level 8 in Earth Magic
  9222 | D:7      | Noticed a cyclops
  9226 | D:7      | Killed a cyclops
  9655 | D:7      | Reached XP level 10. HP: 5/56 MP: 2/19
  9967 | D:8      | Reached * piety under Vehumet
  9967 | D:8      | Offered knowledge of Magic Dart by Vehumet.
 10120 | D:8      | Found a transporter.
 10139 | D:8      | Reached skill level 9 in Earth Magic
 10589 | D:8      | Found a broken altar of Ashenzari.
 10815 | D:8      | Found a transporter.
 10833 | D:8      | Noticed Tinylith's ghost (novice MfBe)
 11064 | D:9      | Found a staircase to the Lair.
 11065 | D:9      | Noticed a death yak
 11065 | D:9      | Noticed a death yak
 11065 | D:9      | Noticed a death yak
 11078 | D:8      | Killed a death yak
 11318 | D:8      | Learned a level 1 spell: Magic Dart
 11462 | D:9      | Reached skill level 5 in Armour
 11826 | D:9      | Noticed a seven-headed hydra
 11831 | D:9      | HP: 2/56 [seven-headed hydra (4)]
 11831 | D:9      | Slain by a seven-headed hydra

Illustrated notes

Levels and vault maps discovered:
D:1:      amcnicky_arrival_blooded_trapdoor, layout_basic
D:2:      layout_rooms, basic_altar, minmay_small_reverse_x
D:3:      layout_basic, shapermc_ecumenical_altar_totnotflames
D:4:      layout_loops_ring, serial_shops, shop
D:5:      layout_basic, general_overflow_altar, nicolae_gozag_zags_fifth_avenue,
          minmay_temple_entry_hall, gammafunk_ghost_gnarly_gnolls,
          grunt_ministairs_8, uniq_sigmund
D:6:      gammafunk_steamed_eel, layout_loops_ring,
          nicolae_hepliaklqana_monster_ancestors, minmay_misc_feat_rows,
          uniq_duvessa
D:7:      layout_loops_ring
D:8:      layout_loops_ring, kennysheep_mini_moat, gammafunk_ghost_stat_death
D:9:      layout_loops_corners, gammafunk_temple_overflow_arena,
          mainiacjoe_overflow_brackets, dpeg_lair_monsters
Temple:   regret_index_temple_generic_petals

Skill      XL: |  1  2  3  4  5  6  7  8  9 10 |
---------------+-------------------------------+-----
Earth Magic    | 4 5 6 7 8 9 |  9.7
Conjurations   | 1 2 3 4 6 7 8 |  8.3
Fighting       | 1 3 |  3.7
Spellcasting   | 3 4 5 6 7 |  7.4
Long Blades    | 1 2 3 4 |  4.3
Dodging        | 2 3 |  3.0
Armour         | 1 2 4 5 |  5.1
Stealth        | |  2.1
Transmutations | |  0.7
Evocations     | |  0.1

Action                   |  1- 3 |  4- 6 |  7- 9 | 10-12 || total
-------------------------+-------+-------+-------+-------++-------
Melee: Long sword        |    23 |     9 |       |       ||    32
       Scimitar          |       |     4 |    99 |    76 ||   179
       Punch             |       |       |     1 |     3 ||     4
Throw: Throwing net      |       |       |     1 |       ||     1
 Cast: Sandblast         |    30 |     7 |    25 |     4 ||    66
       Stone Arrow       |     9 |    33 |   109 |    62 ||   213
Evoke: Wand              |       |       |     4 |       ||     4
  Use: Scroll            |     2 |     8 |    11 |     2 ||    23
       Potion            |       |       |     2 |       ||     2
Armor: Robe              |    16 |     6 |    15 |       ||    37
       Leather armour    |       |       |    36 |       ||    36
       Ring mail         |       |       |    34 |    20 ||    54
       Scale mail        |       |       |       |    36 ||    36
Dodge: Dodged            |    21 |     9 |    81 |    76 ||   187
